 Dungeon Crawl Stone Soup version 0.29.0-4-gdea44cf6ec (webtiles) character file.

Game seed: 17858888197276380910

2023 qw the Shield-Bearer (level 9, -5/50 HPs)
             Began as a Tengu Warper on Aug 28, 2022.
             Was a Believer of Okawaru.
             Slain by Amaemon
             ... wielding a -1 demon whip of venom
              (9 damage)
             ... on level 8 of the Dungeon.
             The game lasted 00:00:47 (8535 turns).

qw the Shield-Bearer (Tengu Warper)                 Turns: 8535, Time: 00:00:48

Health: -5/50      AC: 16    Str: 16    XL:     9   Next: 23%
Magic:  12/13      EV: 10    Int: 14    God:    Okawaru [**....]
Gold:   97         SH: 24    Dex: 13    Spells: 12/12 levels left

rFire   . . .      SeeInvis .   Y - +0 war axe
rCold   . . .      Faith    .   q - +2 tower shield
rNeg    . . .      Spirit   .   h - +0 plate armour
rPois   .          Reflect  +   (helmet restricted)
rElec   .          Harm     .   k - +1 cloak
rCorr   .          Rampage  .   (no gloves)
Will    .....                   (boots unavailable)
Stlth   ..........              c - amulet of reflection
HPRegen 0.16/turn               p - +4 ring of evasion
MPRegen 0.13/turn               (no ring)

@: lethally poisoned (-5 -> -22), about to teleport, heroic, flying quickly and
evasively, quick
A: beak, talons 3, nimble flight
a: Renounce Religion, Heroism


You were on level 8 of the Dungeon.
You worshipped Okawaru.
Okawaru was pleased with you.
You visited 1 branch of the dungeon, and saw 8 of its levels.

You collected 457 gold pieces.
You spent 360 gold pieces at shops.


Innate Abilities, Weirdness & Mutations

You have a beak for a mouth.
You have claws for feet.
Your magical nature lets you fly swiftly and evasively.


   Skills:
 - Level 3.0(8.0) Fighting
 - Level 7.2(12.2) Axes
 - Level 1.0(6.0) Throwing
 - Level 3.4(8.4) Armour
 - Level 2.1(7.1) Dodging
 + Level 7.8(12.8) Shields
 - Level 2.0 Spellcasting
 - Level 2.4 Translocations
 - Level 4.0 Invocations


You had 12 spell levels left.
You didn't know any spells.
Your spell library contained the following spells:

 Spells                   Type           Power      Damage    Failure   Level
 Blink                    Tloc           16%        N/A       100%        2
 Gell's Gravitas          Tloc           8%         N/A       100%        3
 Lesser Beckoning         Tloc           8%         N/A       100%        3
 Teleport Other           Tloc           8%         N/A       100%        3
 Manifold Assault         Tloc           8%         N/A       100%        5

Inventory:

Hand Weapons
 r - a +0 vampiric whip
 Y - a +0 war axe (weapon)
Missiles
 s - 5 boomerangs (quivered)
Armour
 h - a +0 plate armour (worn)
 k - a +1 cloak (worn)
 q - a +2 tower shield (worn)
Jewellery
 c - an amulet of reflection (around neck)
 p - a +4 ring of evasion (left hand)
Scrolls
 a - 2 scrolls of identify
Potions
 b - 2 potions of mutation
 d - a potion of might
 f - 4 potions of heal wounds
 i - 2 potions of haste
 l - 2 potions of resistance
 o - 6 potions of curing

Dungeon Overview and Level Annotations

Branches:
Dungeon (8/15)             Temple (0/1) D:6
   Lair: D:8-11

Altars:
Cheibriados
Dithmenos
Elyvilon
Hepliaklqana
Makhleb
Nemelex Xobeh
Okawaru
Qazlal
Ru
Trog
Uskayaw
Xom
Zin

Shops:
D:6 [([[!

Annotations:
D:8 Amaemon


Message History

Amaemon barely misses you. You block Amaemon's attack.
Amaemon tail-slaps you but does no damage.
You hit Amaemon but do no damage. You claw Amaemon.
Amaemon is lightly wounded.
The orange demon stings you from afar! You block Amaemon's attack. x2
Amaemon tail-slaps you.
You slash Amaemon! You peck Amaemon, but do no damage.
Amaemon is moderately wounded.
You block the orange demon's attack. Amaemon hits you but does no damage.
You are poisoned.
You block Amaemon's attack.
Amaemon tail-slaps you but does no damage.
The orange demon stings you but does no damage.
Amaemon closely misses you. You block Amaemon's attack. x2
You hit Amaemon but do no damage. You claw Amaemon! You peck Amaemon.
Amaemon is moderately wounded.
You feel sick.
The orange demon no longer looks unusually toxic.
You block the orange demon's attack.
Amaemon hits you with a -1 demon whip of venom.
You are more poisoned.
You block Amaemon's attack. Amaemon tail-slaps you.
You are lethally poisoned!
Amaemon poisons you!
You hit Amaemon. Your kick misses Amaemon.
Amaemon is heavily wounded.
You feel extremely sick. The orange demon stings you from afar.
You block Amaemon's attack. x3
You slash Amaemon! You peck Amaemon.
Amaemon is severely wounded.
You feel extremely sick. The orange demon barely misses you.
Amaemon points at the orange demon and mumbles some strange words.
The orange demon seems to grow toxic.
8535 ||| READING scroll of teleportation.
As you read the scroll of teleportation, it crumbles to dust.
You feel strangely unstable.
You feel very sick.
Amaemon hits you with a -1 demon whip of venom!
You die...

#. ##.. ...# #..# #..#
#.#### #..#
#...4.#########..#####.
#6@.$..............
###########..###...
#####..###..#
#............
#.###..###..# #.#
#....( . ##.# #..###..
#..# #... #.## ##.##


You could see Amaemon and an orange demon (curare).

Vanquished Creatures
  A steam dragon (D:6)
  3 water moccasins
  Duvessa (D:6)
  An ice beast (D:5)
  An ogre (D:6)
  A centaur (D:5)
  A kobold brigand (D:6)
  A bullfrog (D:7)
  3 scorpions
  2 necrophages
  Dowan (D:6)
  A crimson imp (D:7)
  2 hounds
  A gnoll bouda (D:5)
  3 orc priests
  A jelly (D:5)
  3 iguanas
  6 orc wizards
  Robin (D:3)
  3 gnolls (D:5)
  11 adders
  A shadow imp (D:5)
  A white imp (D:5)
  An ufetubus (D:7)
  A worm (D:2)
  5 dart slugs
  23 orcs
  7 ball pythons
  10 endoplasms
  7 hobgoblins
  6 jackals
  2 quokkas
  3 bats
  4 frilled lizards
  13 goblins
  6 kobolds
  3 rats
141 creatures vanquished.

Vanquished Creatures (others)
  3 plants (D:6)
3 creatures vanquished.

Grand Total: 144 creatures vanquished

Notes
Turn   | Place    | Note
-------+----------+-------------------------------------------
     0 | D:1      | qw the Tengu Warper began the quest for the Orb.
     0 | D:1      | Reached XP level 1. HP: 12/12 MP: 4/4
     0 | D:1      | 0 ||| qw: Version: 0.1-a-89-g26bdef1
     0 | D:1      | 0 ||| qw: Game counter: 1958
     0 | D:1      | 0 ||| qw: Always use a shield: true
     0 | D:1      | 0 ||| qw: God list: Okawaru
     0 | D:1      | 0 ||| qw: Allow faded altars: false
     0 | D:1      | 0 ||| qw: Do Orc after D:15 true
     0 | D:1      | 0 ||| qw: Do second Lair branch before Depths: true
     0 | D:1      | 0 ||| qw: Lair rune preference: random
     0 | D:1      | 0 ||| qw: Plans: Normal
     0 | D:1      | 0 ||| PLANNING D:1-11
   316 | D:1      | 316 ||| Stepping ~*~*~tactically~*~*~ (hiding).
   418 | D:1      | 418 ||| Stepping ~*~*~tactically~*~*~ (hiding).
   520 | D:1      | 520 ||| Stepping ~*~*~tactically~*~*~ (hiding).
   622 | D:1      | 622 ||| Stepping ~*~*~tactically~*~*~ (hiding).
   627 | D:1      | HP: 3/12 [dart slug (3)]
   630 | D:1      | Reached XP level 2. HP: 3/17 MP: 6/6
   951 | D:1      | Reached skill level 3 in Axes
   957 | D:1      | 957 ||| DROPPING +0 club.
  1118 | D:1      | Found a faded altar of an unknown god.
  1303 | D:1      | 1303 ||| Stepping ~*~*~tactically~*~*~ (hiding).
  1405 | D:1      | 1405 ||| Stepping ~*~*~tactically~*~*~ (hiding).
  1727 | D:1      | 1727 ||| UPGRADING to +0 cloak.
  1732 | D:1      | 1732 ||| UPGRADING to +0 ring mail.
  1742 | D:1      | 1742 ||| DROPPING +0 leather armour.
  1743 | D:1      | 1743 ||| READING 3 scrolls labelled ROESTR QAOSAYM.
  1744 | D:1      | 1744 ||| READING scroll labelled MATI HITWELOIS.
  1745 | D:1      | 1745 ||| READING scroll labelled JEUT MIAMM.
  1746 | D:1      | 1746 ||| READING scroll labelled VIYNIN NOLENN.
  1747 | D:1      | 1747 ||| READING scroll labelled PUMANI JERCHUA.
  1750 | D:1      | 1750 ||| READING 2 scrolls of identify.
  1750 | D:1      | 1750 ||| IDENTIFYING purple potion
  1751 | D:1      | 1751 ||| DROPPING scroll of blinking.
  1752 | D:1      | 1752 ||| DROPPING potion of lignification.
  1797 | D:2      | 1797 ||| Stepping ~*~*~tactically~*~*~ (stealth).
  1802 | D:2      | 1802 ||| Stepping ~*~*~tactically~*~*~ (stealth).
  1944 | D:2      | Reached XP level 3. HP: 21/21 MP: 7/7
  2211 | D:2      | 2211 ||| Stepping ~*~*~tactically~*~*~ (stealth).
  2444 | D:2      | 2444 ||| Stepping ~*~*~tactically~*~*~ (hiding).
  2445 | D:2      | 2445 ||| Stepping ~*~*~tactically~*~*~ (hiding).
  2462 | D:2      | Reached XP level 4. HP: 13/26 MP: 8/8
  2627 | D:2      | 2627 ||| Stepping ~*~*~tactically~*~*~ (stealth).
  2630 | D:2      | 2630 ||| Stepping ~*~*~tactically~*~*~ (stealth).
  2632 | D:2      | 2632 ||| Stepping ~*~*~tactically~*~*~ (stealth).
  2784 | D:2      | Found a white marble altar of Elyvilon.
  2789 | D:2      | 2789 ||| DROPPING +0 whip.
  3080 | D:2      | 3080 ||| DROPPING scarf of shadows.
  3081 | D:2      | 3081 ||| UPGRADING to +0 scale mail.
  3091 | D:2      | 3091 ||| UPGRADING to +0 chain mail.
  3101 | D:2      | 3101 ||| DROPPING +0 scale mail.
  3102 | D:2      | 3102 ||| DROPPING +0 ring mail.
  3103 | D:2      | 3103 ||| READING scroll labelled GIDGHEI HUITELE.
  3103 | D:2      | Identified a scroll of acquirement
  3103 | D:2      | 3103 ||| ACQUIRING +0 buckler of protection
  3103 | D:2      | Acquired a +0 buckler of protection
  3105 | D:2      | 3105 ||| UPGRADING to +0 buckler of protection.
  3110 | D:2      | 3110 ||| DRINKING 2 bubbling golden potions.
  3111 | D:2      | 3111 ||| DRINKING 3 golden potions.
  3112 | D:2      | 3112 ||| READING 3 scrolls of identify.
  3112 | D:2      | 3112 ||| IDENTIFYING viscous cyan potion
  3275 | D:3      | Reached skill level 1 in Shields
  3434 | D:3      | 3434 ||| READING scroll of enchant armour.
  3434 | D:3      | 3434 ||| ENCHANTING +0 cloak.
  3448 | D:3      | Gained mutation: Your magical nature lets you fly swiftly
                  | and evasively. [Tengu growth]
  3448 | D:3      | Reached XP level 5. HP: 25/30 MP: 9/9
  3562 | D:3      | Found a white marble altar of Elyvilon.
  3585 | D:3      | 3585 ||| Stepping ~*~*~tactically~*~*~ (stealth).
  3588 | D:3      | Noticed Robin
  3589 | D:3      | 3589 ||| Stepping ~*~*~tactically~*~*~ (hiding).
  3600 | D:3      | Killed Robin
  3601 | D:3      | 3601 ||| Stepping ~*~*~tactically~*~*~ (hiding).
  3602 | D:3      | 3602 ||| Stepping ~*~*~tactically~*~*~ (hiding).
  3932 | D:3      | Found an iron altar of Okawaru.
  3939 | D:3      | Became a worshipper of Warmaster Okawaru
  4102 | D:3      | 4102 ||| UPGRADING to amulet of reflection.
  4107 | D:3      | 4107 ||| READING scroll labelled ENNETATHROL.
  4108 | D:3      | 4108 ||| READING scroll labelled ZOILUX XOASS.
  4141 | D:4      | 4141 ||| Stepping ~*~*~tactically~*~*~ (hiding).
  4258 | D:4      | Noticed a water moccasin
  4268 | D:4      | Killed a water moccasin
  4269 | D:4      | Reached skill level 6 in Axes
  4269 | D:4      | Reached XP level 6. HP: 35/35 MP: 10/10
  4286 | D:4      | 4286 ||| Stepping ~*~*~tactically~*~*~ (stealth).
  4294 | D:4      | 4294 ||| FLEEEEING.
  4296 | D:4      | 4296 ||| FLEEEEING.
  4297 | D:4      | 4297 ||| FLEEEEING.
  4298 | D:4      | 4298 ||| FLEEEEING.
  4299 | D:4      | 4299 ||| FLEEEEING.
  4300 | D:4      | 4300 ||| FLEEEEING.
  4301 | D:4      | 4301 ||| FLEEEEING.
  4302 | D:4      | 4302 ||| FLEEEEING.
  4303 | D:4      | 4303 ||| FLEEEEING.
  4304 | D:4      | 4304 ||| Stepping ~*~*~tactically~*~*~ (hiding).
  4307 | D:4      | 4307 ||| Stepping ~*~*~tactically~*~*~ (hiding).
  4308 | D:4      | 4308 ||| Stepping ~*~*~tactically~*~*~ (hiding).
  4379 | D:4      | Found a hide-covered altar of Uskayaw.
  4506 | D:4      | You are sucked into a shaft and drop 3 floors!
  4671 | D:7      | Reached * piety under Okawaru
  4678 | D:7      | Found a flagged portal.
  4679 | D:7      | 4679 ||| Stepping ~*~*~tactically~*~*~ (hiding).
  4684 | D:7      | 4684 ||| INVOKING Heroism.
  4689 | D:7      | Reached XP level 7. HP: 39/40 MP: 8/11
  4763 | D:7      | Reached skill level 3 in Fighting
  4792 | D:7      | 4792 ||| UPGRADING to +2 tower shield.
  4802 | D:7      | 4802 ||| DROPPING +0 buckler of protection.
  4803 | D:7      | 4803 ||| UPGRADING to +4 ring of evasion.
  4804 | D:7      | 4804 ||| READING scroll labelled NINUNT ZAPUR.
  4810 | D:7      | 4810 ||| READING scroll labelled DENYONG ZOAR.
  4911 | D:7      | 4911 ||| READING 5 scrolls of identify.
  4911 | D:7      | 4911 ||| IDENTIFYING glowing golden potion
  4912 | D:7      | 4912 ||| READING 4 scrolls of identify.
  4912 | D:7      | 4912 ||| IDENTIFYING clear potion
  4913 | D:7      | 4913 ||| DROPPING potion of ambrosia.
  4926 | D:6      | Found a stormy altar of Qazlal.
  5037 | D:5      | Entered Level 5 of the Dungeon
  5048 | D:5      | Reached skill level 1 in Invocations
  5123 | D:5      | 5123 ||| Stepping ~*~*~tactically~*~*~ (hiding).
  5128 | D:5      | 5128 ||| INVOKING Heroism.
  5134 | D:5      | 5134 ||| Stepping ~*~*~tactically~*~*~ (stealth).
  5138 | D:5      | 5138 ||| Stepping ~*~*~tactically~*~*~ (stealth).
  5154 | D:5      | 5154 ||| INVOKING Heroism.
  5346 | D:5      | Found a glowing silver altar of Zin.
  5360 | D:5      | 5360 ||| Stepping ~*~*~tactically~*~*~ (hiding).
  5370 | D:5      | Reached skill level 3 in Shields
  5376 | D:5      | 5376 ||| Stepping ~*~*~tactically~*~*~ (stealth).
  5419 | D:5      | 5419 ||| INVOKING Heroism.
  5438 | D:5      | 5438 ||| Stepping ~*~*~tactically~*~*~ (stealth).
  5483 | D:5      | 5483 ||| INVOKING Heroism.
  5491 | D:5      | Reached skill level 3 in Invocations
  5491 | D:5      | Reached XP level 8. HP: 30/46 MP: 10/12
  5637 | D:5      | 5637 ||| INVOKING Heroism.
  5647 | D:5      | 5647 ||| DRINKING 3 potions of curing.
  5647 | D:5      | 5647 ||| (to cure confusion)
  5716 | D:5      | 5716 ||| SWAPPING to +0 war axe.
  5717 | D:5      | 5717 ||| DROPPING +0 flail.
  5718 | D:5      | 5718 ||| DROPPING +1 vorpal hand axe.
  5744 | D:5      | 5744 ||| UPGRADING to +0 plate armour.
  5754 | D:5      | 5754 ||| DROPPING +0 chain mail.
  5755 | D:5      | 5755 ||| READING 3 scrolls of identify.
  5755 | D:5      | 5755 ||| IDENTIFYING bubbling clear potion
  5756 | D:5      | 5756 ||| READING 2 scrolls of identify.
  5756 | D:5      | 5756 ||| IDENTIFYING emerald potion
  5772 | D:4      | 5772 ||| Stepping ~*~*~tactically~*~*~ (stealth).
  5773 | D:4      | 5773 ||| Stepping ~*~*~tactically~*~*~ (stealth).
  5798 | D:4      | Reached ** piety under Okawaru
  6151 | D:4      | Found a sacrificial altar of Ru.
  6155 | D:4      | 6155 ||| READING 2 scrolls labelled TOPURILISU.
  6156 | D:4      | 6156 ||| READING 2 scrolls of identify.
  6156 | D:4      | 6156 ||| IDENTIFYING glowing brown potion
  6157 | D:4      | 6157 ||| DROPPING potion of invisibility.
  6158 | D:4      | 6158 ||| DROPPING scroll of vulnerability.
  6212 | D:5      | Found a sparkling altar of Nemelex Xobeh.
  6453 | D:5      | 6453 ||| INVOKING Heroism.
  6493 | D:5      | Identified the +0 helmet "Avvus" {Contam rF+ rN+ rCorr}
  6589 | D:5      | 6589 ||| INVOKING Heroism.
  6830 | D:6      | Found a staircase to the Ecumenical Temple.
  6837 | D:6      | Found Nust's Antique Weapon Boutique.
  6900 | D:6      | 6900 ||| INVOKING Heroism.
  6946 | D:6      | 6946 ||| INVOKING Heroism.
  6952 | D:6      | Reached skill level 6 in Shields
  6993 | D:6      | Found Pobamaet's Distillery.
  6999 | D:6      | 6999 ||| BUYING 2 potions of curing (72 gold).
  6999 | D:6      | Bought 2 potions of curing for 72 gold pieces
  6999 | D:6      | 6999 ||| BUYING potion of curing (36 gold).
  6999 | D:6      | Bought a potion of curing for 36 gold pieces
  6999 | D:6      | 6999 ||| BUYING potion of curing (36 gold).
  6999 | D:6      | Bought a potion of curing for 36 gold pieces
  6999 | D:6      | 6999 ||| BUYING potion of curing (36 gold).
  6999 | D:6      | Bought a potion of curing for 36 gold pieces
  6999 | D:6      | 6999 ||| BUYING potion of haste (120 gold).
  6999 | D:6      | Bought a potion of haste for 120 gold pieces
  6999 | D:6      | 6999 ||| SHOPLISTING potion of haste (120 gold, have 94).
  6999 | D:6      | 6999 ||| BUYING potion of heal wounds (60 gold).
  6999 | D:6      | Bought a potion of heal wounds for 60 gold pieces
  7001 | D:6      | Noticed Duvessa
  7001 | D:6      | Noticed Dowan
  7002 | D:6      | 7002 ||| Stepping ~*~*~tactically~*~*~ (hiding).
  7003 | D:6      | 7003 ||| INVOKING Heroism.
  7008 | D:6      | Killed Dowan
  7010 | D:6      | Killed Duvessa
  7020 | D:6      | Reached XP level 9. HP: 15/50 MP: 13/13
  7020 | D:6      | 7020 ||| FLEEEEING.
  7021 | D:6      | 7021 ||| FLEEEEING.
  7022 | D:6      | 7022 ||| FLEEEEING.
  7023 | D:6      | 7023 ||| FLEEEEING.
  7024 | D:6      | 7024 ||| FLEEEEING.
  7025 | D:6      | 7025 ||| FLEEEEING.
  7026 | D:6      | 7026 ||| FLEEEEING.
  7027 | D:6      | 7027 ||| FLEEEEING.
  7028 | D:6      | 7028 ||| FLEEEEING.
  7029 | D:6      | 7029 ||| FLEEEEING.
  7030 | D:6      | 7030 ||| FLEEEEING.
  7031 | D:6      | 7031 ||| FLEEEEING.
  7032 | D:6      | 7032 ||| FLEEEEING.
  7033 | D:6      | 7033 ||| FLEEEEING.
  7034 | D:6      | 7034 ||| FLEEEEING.
  7035 | D:6      | 7035 ||| FLEEEEING.
  7036 | D:6      | 7036 ||| FLEEEEING.
  7040 | D:6      | 7040 ||| FLEEEEING.
  7041 | D:6      | 7041 ||| FLEEEEING.
  7042 | D:6      | 7042 ||| FLEEEEING.
  7043 | D:6      | 7043 ||| FLEEEEING.
  7044 | D:6      | 7044 ||| FLEEEEING.
  7046 | D:6      | 7046 ||| FLEEEEING.
  7047 | D:6      | 7047 ||| FLEEEEING.
  7049 | D:6      | 7049 ||| FLEEEEING.
  7050 | D:6      | 7050 ||| FLEEEEING.
  7051 | D:6      | 7051 ||| FLEEEEING.
  7053 | D:6      | 7053 ||| FLEEEEING.
  7054 | D:6      | 7054 ||| FLEEEEING.
  7055 | D:6      | 7055 ||| FLEEEEING.
  7056 | D:6      | 7056 ||| FLEEEEING.
  7057 | D:6      | 7057 ||| FLEEEEING.
  7059 | D:6      | 7059 ||| FLEEEEING.
  7060 | D:6      | 7060 ||| FLEEEEING.
  7061 | D:6      | 7061 ||| FLEEEEING.
  7062 | D:6      | 7062 ||| FLEEEEING.
  7063 | D:6      | 7063 ||| FLEEEEING.
  7064 | D:6      | 7064 ||| FLEEEEING.
  7065 | D:6      | 7065 ||| FLEEEEING.
  7077 | D:6      | 7077 ||| FLEEEEING.
  7078 | D:6      | 7078 ||| FLEEEEING.
  7079 | D:6      | 7079 ||| FLEEEEING.
  7080 | D:6      | 7080 ||| FLEEEEING.
  7081 | D:6      | 7081 ||| FLEEEEING.
  7082 | D:6      | 7082 ||| FLEEEEING.
  7083 | D:6      | 7083 ||| FLEEEEING.
  7084 | D:6      | 7084 ||| FLEEEEING.
  7089 | D:6      | 7089 ||| STAIRDANCE
  7239 | D:5      | 7239 ||| READING scroll labelled NUXABU RONUSS.
  7244 | D:6      | 7244 ||| STAIRDANCE
  7311 | D:6      | 7311 ||| DRINKING 7 potions of curing.
  7311 | D:6      | 7311 ||| (to cure confusion)
  7352 | D:6      | Found a hazy altar of Hepliaklqana.
  7370 | D:6      | Found Jazef's Armour Boutique.
  7378 | D:6      | 7378 ||| SHOPLISTING +1 plate armour of cold resistance
                  | (385 gold, have 45).
  7378 | D:6      | 7378 ||| SHOPLISTING +2 chain mail of fire resistance (236
                  | gold, have 45).
  7386 | D:6      | Reached skill level 3 in Armour
  7469 | D:6      | Found Feviam's Armour Emporium.
  7793 | D:6      | Found Itirhusch's Antique Armour Boutique.
  7801 | D:6      | 7801 ||| SHOPLISTING runed chain mail (150 gold, have 54).
  7801 | D:6      | 7801 ||| SHOPLISTING runed plate armour (520 gold, have
                  | 54).
  7967 | D:6      | Found a bloodstained altar of Trog.
  7978 | D:6      | Found a shadowy altar of Dithmenos.
  8163 | D:6      | 8163 ||| READING 2 scrolls labelled BUZXEL PILOE.
  8164 | D:6      | 8164 ||| DRINKING 2 brown potions.
  8165 | D:6      | 8165 ||| READING 3 scrolls of identify.
  8165 | D:6      | 8165 ||| IDENTIFYING puce potion
  8166 | D:6      | 8166 ||| DROPPING potion of brilliance.
  8167 | D:6      | 8167 ||| DROPPING potion of attraction.
  8168 | D:6      | 8168 ||| DROPPING scroll of immolation.
  8225 | D:7      | 8225 ||| Stepping ~*~*~tactically~*~*~ (stealth).
  8307 | D:7      | Found a burning altar of Makhleb.
  8307 | D:7      | Found a shimmering altar of Xom.
  8462 | D:8      | Found a snail-covered altar of Cheibriados.
  8523 | D:8      | Noticed Amaemon
  8524 | D:8      | 8524 ||| INVOKING Heroism.
  8525 | D:8      | Noticed an orange demon
  8534 | D:8      | HP: 9/50 [poisoned by Amaemon]
  8535 | D:8      | 8535 ||| READING scroll of teleportation.
  8535 | D:8      | HP: 4/50 [poisoned by Amaemon]
  8535 | D:8      | Slain by Amaemon

Levels and vault maps discovered:
D:1:      eino_arrival_cavern_b, layout_basic,
          shapermc_ecumenical_altar_hornbeckon
D:2:      layout_basic, basic_altar, kennysheep_path_1
D:3:      layout_loops_ring, mainiacjoe_overflow_alcove_2,
          nicolae_elyvilon_peaceful_grove, uniq_robin
D:4:      layout_gridville, overflow_temple_1_default,
          nicolae_ru_the_path_less_chosen, minmay_a_box_with_orc_wizards_in_it,
          uniq_pargi
D:5:      layout_basic, mainiacjoe_overflow_cross_hatched,
          mainiacjoe_overflow_surrounded_room, minmay_manual_mess
D:6:      layout_basic, grunt_qazlal_sundering, amethyst_overflow_temple_binary,
          nicolae_hepliaklqana_hazy_memory, minmay_temple_entry_gardened_gates,
          serial_shops, shop, nicolae_shop_temple_entry_statues_fountains,
          kennysheep_little_box, nicolae_shop_statue_plus,
          nicolae_shop_overgrown_old_shop, uniq_duvessa
D:7:      layout_rooms, grunt_temple_overflow_champion_of_chaos, enter_bailey_5,
          minmay_tree_intersection
D:8:      layout_loops_ring, kennysheep_slug_shrine,
          yredelemnul_forgotten_temple_becter, kennysheep_mini_moat,
          dpeg_oklobed_lair, minmay_lizard_king, uniq_amaemon

Skill      XL: |  1  2  3  4  5  6  7  8  9 |
---------------+----------------------------+-----
Axes           | 3 4 5 6 7 |  7.2
Shields        | 1 3 7 |  7.8
Armour         | 2 3 |  3.4
Fighting       | 3 |  3.0
Invocations    | 3 4 |  4.0
Throwing       | |  1.0
Dodging        | |  2.1
Spellcasting   | |  2.0
Translocations | |  2.4

Action                   |  1- 3 |  4- 6 |  7- 9 || total
-------------------------+-------+-------+-------++-------
Melee: Hand axe          |    70 |   108 |    72 ||   250
       Kick              |    14 |    26 |    63 ||   103
       Peck              |     6 |    14 |    37 ||    57
       Punch             |     1 |       |       ||     1
       War axe           |       |       |   143 ||   143
Throw: Boomerang         |     7 |       |    30 ||    37
       Javelin           |    10 |    27 |    13 ||    50
Invok: Heroism           |       |     1 |    11 ||    12
  Use: Scroll            |     6 |     5 |    12 ||    23
       Potion            |       |     2 |     3 ||     5
 Stab: Distracted        |       |       |     1 ||     1
Armor: Leather armour    |     4 |       |       ||     4
       Ring mail         |    15 |     3 |       ||    18
       Chain mail        |       |    37 |    21 ||    58
       Plate armour      |       |       |    56 ||    56
Dodge: Dodged            |    23 |    24 |    28 ||    75
Block: Buckler           |       |    34 |     1 ||    35
       Tower shield      |       |       |   200 ||   200
       Reflection        |       |       |     8 ||     8

Table legend:
 A = Non-vault XP
 B = Vault XP
 C = Vault XP percentage of total XP
 D = Non-vault monster count
 E = Vault monster count
 F = Vault count percentage of total count
                 A         B        C        D         E       F
            +---------+---------+-------+---------+---------+-------
      Total |    2281 |     610 |  21.1 |     119 |      22 |  15.6
            +---------+---------+-------+---------+---------+-------
        D:1 |      28 |       0 |   0.0 |      15 |       0 |   0.0
        D:2 |     107 |       0 |   0.0 |      27 |       0 |   0.0
        D:3 |      40 |      28 |  41.2 |      10 |       8 |  44.4
        D:4 |     418 |      70 |  14.3 |      19 |       2 |   9.5
        D:5 |     605 |     243 |  28.7 |      27 |       4 |  12.9
        D:6 |     857 |     211 |  19.8 |      15 |       2 |  11.8
        D:7 |     226 |      54 |  19.3 |       6 |       5 |  45.5
        D:8 |       0 |       4 | 100.0 |       0 |       1 | 100.0
            +---------+---------+-------+---------+---------+-------
